 Dungeon Crawl Stone Soup version 0.28-a0-821-g923ab73998 (webtiles) character file.

Game seed: 6940356514131551678

31 enfeo the Sneak (level 3, 0/16 HPs)
             Began as a Spriggan Enchanter on Nov 9, 2021.
             Slain by a goblin (4 damage)
             ... led by Robin
             ... on level 2 of the Dungeon.
             The game lasted 00:03:23 (1366 turns).

enfeo the Sneak (Spriggan Enchanter)                Turns: 1366, Time: 00:03:24

Health: 0/16       AC:  2    Str:  4 (5)  XL:     3   Next: 7%
Magic:  8/9        EV: 17    Int: 13 (16) God:
Gold:   673        SH:  0    Dex: 14 (15) Spells: 1/9 levels left

rFire   . . .      SeeInvis +   a - +1 dagger
rCold   . . .      Faith    .   (shield restricted)
rNeg    . . .      Spirit   .   b - +0 robe
rPois   .          Reflect  .   (helmet restricted)
rElec   .          Harm     .   (no cloak)
rCorr   .          Rampage  .   (gloves unavailable)
Will    .....                   (boots unavailable)
Stlth   +++.......              (no amulet)
HPRegen 0.05/turn               (no ring)
MPRegen 0.11/turn               (no ring)

@: very quick
A: very small, no large weapons, unfitting armour, see invisible, speed 3
a: no special abilities


You were on level 2 of the Dungeon.
You visited 1 branch of the dungeon, and saw 2 of its levels.

You collected 673 gold pieces.

Inventory:

Hand Weapons
 a - a +1 dagger (weapon)
Armour
 b - a +0 robe (worn)
Potions
 c - a potion of invisibility


   Skills:
 - Level 1.1 Short Blades
 - Level 2.6 Dodging
 - Level 4.4 Stealth
 + Level 3.7 Spellcasting
 + Level 4.4 Hexes


You had one spell level left.
You knew the following spells:

 Your Spells              Type           Power      Damage    Failure   Level
a - Ensorcelled Hibernat  Hex/Ice        16%        N/A       13%         2
b - Tukima's Dance        Hex            14%        N/A       11%         3
c - Dazzling Flash        Conj/Hex       16%        N/A       26%         3

Your spell library contained the following spells:

 Spells                   Type           Power      Damage    Failure   Level
 Confusing Touch          Hex            14%        N/A       11%         3


Dungeon Overview and Level Annotations

Branches:
Dungeon (2/15)

Altars:

Annotations:
D:2 Robin


Innate Abilities, Weirdness & Mutations

You are very small and have problems with some larger weapons.
You are too small for most types of armour.
You have supernaturally acute eyesight. (SInv)
You cover ground extremely quickly. (Speed+++)


Message History

The bat is moderately wounded.
The bat hits you but does no damage. The bat completely misses you.
You closely miss the bat.
The bat is moderately wounded.
The bat misses you.
You hit the bat.
The bat is severely wounded.
The bat misses you. The bat closely misses you.
You hit the bat.
You kill the bat!
The endoplasm jiggles.
The endoplasm hits you.
You see here a bat corpse.
You completely miss the endoplasm. The endoplasm hits you.
You are too injured to fight recklessly!
You are too injured to fight recklessly!
You are too injured to fight recklessly!
You are too injured to fight recklessly!
Casting: Ensorcelled Hibernation (safe; 13% risk of failure)
Confirm with . or Enter, or press ? or * to list all spells.
Aiming: Ensorcelled Hibernation (safe; 13% risk of failure)
Press: ? - help, Shift-Dir - straight line, f - endoplasm
Aim: an endoplasm (chance to affect: 57%)
The endoplasm resists with significant effort.
The endoplasm freezes you.
You are frozen.
* * * LOW HITPOINT WARNING * * *
You see here a +0 club.
There is a stone staircase leading down here.
You climb downwards.
The goblin shouts! x2
Found a scroll labelled ZOPTOT RUOTU and 16 sling bullets.
There is a stone staircase leading up here.
Unknown command.
Unknown command.
Robin shouts!
You hear a shout!
Robin throws the goblin at you!
The goblin unwields a +0 dagger.
The goblin wields a +0 hunting sling.
The goblin shoots a stone.
The stone misses you. The goblin hits you with a +0 dagger.
You die...

#. .....#...#
#.. ........#
#..#........#
#... .....(.
###........#
#.....#....
#.....g..#.##.#
#......@...?..#
#.............#
#........#g...#
#......g.# ...#
#....###g. g.#
#.... ..g .#
#... ..g . ####
...#


You could see Robin, a hobgoblin (wandering) and 5 goblins.

Vanquished Creatures
  2 dart slugs (D:1)
  4 bats (D:1)
  An endoplasm (D:1)
  A giant cockroach (D:1)
  3 hobgoblins (D:1)
  A quokka (D:1)
  4 ball pythons (D:1)
  2 frilled lizards (D:1)
  A goblin (D:1)
  4 kobolds (D:1)
  4 rats (D:1)
27 creatures vanquished.

Notes
Turn   | Place    | Note
-------+----------+-------------------------------------------
     0 | D:1      | enfeo the Spriggan Enchanter began the quest for the Orb.
     0 | D:1      | Reached XP level 1. HP: 9/9 MP: 5/5
   504 | D:1      | Reached XP level 2. HP: 13/13 MP: 7/7
   507 | D:1      | Learned a level 2 spell: Ensorcelled Hibernation
   720 | D:1      | Found a faded altar of an unknown god.
   762 | D:1      | Identified a scroll of acquirement
   762 | D:1      | Acquired 628 gold pieces
  1175 | D:1      | Reached XP level 3. HP: 9/16 MP: 0/9
  1179 | D:1      | Learned a level 3 spell: Tukima's Dance
  1183 | D:1      | Learned a level 3 spell: Dazzling Flash
  1365 | D:2      | Noticed Robin
  1366 | D:2      | Slain by a goblin

Illustrated notes

Levels and vault maps discovered:
D:1:      eino_arrival_cavern_a, layout_loops_corners,
          chequers_ecumenical_altar_simple, wad_floor_pattern_2
D:2:      wad_lake_hut, layout_basic, basic_altar, nrook_uturn, uniq_robin

Skill      XL: |  1 |
---------------+----+-----
Spellcasting   | 3 |  3.7
Hexes          | 4 |  4.4
Short Blades   | |  1.1
Dodging        | |  2.6
Stealth        | |  4.4

Action                   || total
-------------------------++-------
Melee: Dagger            ||    86
 Cast: Ensorcelled Hiber ||     8
  Use: Scroll            ||     3
       Potion            ||     2
 Stab: Sleeping          ||    14
Armor: Robe              ||    13
Dodge: Dodged            ||    60

Table legend: (Time is in decaauts)
 A = Elapsed time spent in this place.
 B = Non-inter-level travel time spent in this place.
 C = Inter-level travel time spent in this place.
 D = Time resting spent in this place.
 E = Time spent auto-exploring this place.
 F = Levels seen in this place.
 G = Mean time per level.
                   A        B        C        D        E       F      G
               +--------+--------+--------+--------+--------+-----+--------+
         Total |   1116 |   1116 |      0 |    434 |    411 |   2 |  558.0 |
       Dungeon |   1116 |   1116 |      0 |    434 |    411 |   2 |  558.0 |
               +--------+--------+--------+--------+--------+-----+--------+

Top non-repeatable levels by time:
     D:1: 1116 daAuts
     D:2: 0 daAuts
